1814 views
Uploaded 2022-12-17 00:33:21
Game version 1.32.10
12:59 long 1on1 ladder game on (2)NorthernIsles
Saved by DKnight
1814 views
Uploaded 2022-12-17 00:33:21
Game version 1.32.10
12:59 long 1on1 ladder game on (2)NorthernIsles

19 units @ 3.1k
/ 0.4k
10 buildings @ 1.6k
/ 0.5k


| Rod of Necromancy | 3 | 450 |
| Orb of Corruption | 1 | 375 |
| total: | 4 | 825g |
| Acolyte | 3 | 225 | / | 0 |
| Ghoul | 6 | 720 | / | 0 |
| Crypt Fiend | 7 | 1505 | / | 280 |
| Obsidian Statue | 2 | 400 | / | 70 |
| Meat Wagon | 1 | 230 | / | 50 |
| total: | 19 | 3080g | / | 400w |
| Nerubian Tower | 1 | 100 | / | 20 |
| Altar of Darkness | 1 | 180 | / | 50 |
| Crypt | 1 | 200 | / | 50 |
| Ziggurat | 5 | 750 | / | 250 |
| Tomb of Relics | 1 | 130 | / | 30 |
| Graveyard | 1 | 215 | / | 0 |
| Slaughterhouse | 1 | 140 | / | 135 |
| Halls of the Dead | 1 | 320 | / | 210 |
| Black Citadel | 1 | 325 | / | 230 |
| total: | 10 | 1615g | / | 515w |
| 0:03 | Acolyte |
| 0:03 | Acolyte |
| 0:06 | Altar of Darkness |
| 0:10 | Crypt |
| 0:33 | Ziggurat |
| 0:46 | Acolyte |
| 1:01 | Tomb of Relics |
| 1:13 | Ghoul |
| 1:29 | Ghoul |
| 1:35 | Ziggurat |
| 1:48 | Ghoul |
| 2:06 | Ghoul |
| 2:21 | Rod of Necromancy |
| 2:39 | Death Coil |
| 2:55 | Halls of the Dead |
| 2:58 | Nerubian Tower |
| 3:19 | Graveyard |
| 3:29 | Ghoul |
| 3:49 | Ghoul |
| 4:04 | Unholy Aura |
| 4:24 | Ziggurat |
| 4:43 | Crypt Fiend |
| 5:40 | Slaughterhouse |
| 5:59 | Burrow |
| 6:00 | Crypt Fiend |
| 6:12 | Rod of Necromancy |
| 6:22 | Crypt Fiend |
| 7:01 | Frost Nova |
| 7:17 | Black Citadel |
| 7:19 | Obsidian Statue |
| 7:25 | Ziggurat |
| 7:42 | Crypt Fiend |
| 8:13 | Crypt Fiend |
| 8:43 | Death Coil |
| 9:23 | Obsidian Statue |
| 9:30 | Meat Wagon |
| 9:33 | Dark Ritual |
| 9:40 | Crypt Fiend |
| 9:41 | Ziggurat |
| 9:43 | Creature Attack |
| 9:55 | Orb of Corruption |
| 10:01 | Rod of Necromancy |
| 10:14 | Web |
| 11:54 | Crypt Fiend |
| Right click | 717 |
| Select group | 523 |
| Select | 263 |
| Build/train/purchase | 81 |
| Misc. action | 65 |
| Assign group | 40 |
| Use ability | 24 |
| Chat | 9 |
| Item give/drop | 3 |
| Remove unit | 1 |
25 units @ 3.1k
/ 0.2k
14 buildings @ 2.4k
/ 0.7k


| Sacrificial Skull | 1 | 50 |
| Rod of Necromancy | 2 | 300 |
| Potion of Healing | 1 | 150 |
| Orb of Corruption | 1 | 375 |
| Potion of Mana | 1 | 200 |
| total: | 6 | 1075g |
| Acolyte | 9 | 675 | / | 0 |
| Ghoul | 11 | 1320 | / | 0 |
| Crypt Fiend | 4 | 860 | / | 160 |
| Obsidian Statue | 1 | 200 | / | 35 |
| total: | 25 | 3055g | / | 195w |
| Nerubian Tower | 1 | 100 | / | 20 |
| Crypt | 2 | 400 | / | 100 |
| Ziggurat | 6 | 900 | / | 300 |
| Altar of Darkness | 2 | 360 | / | 100 |
| Tomb of Relics | 1 | 130 | / | 30 |
| Graveyard | 1 | 215 | / | 0 |
| Necropolis | 1 | 225 | / | 0 |
| Slaughterhouse | 1 | 140 | / | 135 |
| Halls of the Dead | 1 | 320 | / | 210 |
| Black Citadel | 1 | 325 | / | 230 |
| total: | 14 | 2370g | / | 665w |
| 0:05 | Acolyte |
| 0:06 | Acolyte |
| 0:09 | Crypt |
| 0:13 | Ziggurat |
| 0:27 | Acolyte |
| 0:38 | Altar of Darkness |
| 0:42 | Altar of Darkness |
| 1:10 | Tomb of Relics |
| 1:14 | Ghoul |
| 1:31 | Ziggurat |
| 1:35 | Ghoul |
| 1:57 | Ghoul |
| 2:09 | Ghoul |
| 2:23 | Acolyte |
| 2:44 | Frost Nova |
| 2:55 | Sacrificial Skull |
| 3:05 | Ghoul |
| 3:42 | Ghoul |
| 3:50 | Ziggurat |
| 3:55 | Rod of Necromancy |
| 3:57 | Dark Ritual |
| 4:22 | Ziggurat |
| 4:41 | Acolyte |
| 4:41 | Acolyte |
| 4:41 | Acolyte |
| 4:41 | Acolyte |
| 4:54 | Graveyard |
| 4:58 | Ziggurat |
| 5:06 | Nerubian Tower |
| 5:36 | Ziggurat |
| 5:44 | Halls of the Dead |
| 6:23 | Ghoul |
| 6:25 | Crypt |
| 6:29 | Necropolis |
| 7:15 | Ghoul |
| 7:15 | Ghoul |
| 7:15 | Ghoul |
| 7:18 | Rod of Necromancy |
| 7:29 | Ghoul |
| 8:09 | Slaughterhouse |
| 8:12 | Burrow |
| 8:13 | Crypt Fiend |
| 8:16 | Crypt Fiend |
| 8:16 | Web |
| 9:08 | Death Coil |
| 9:17 | Crypt Fiend |
| 9:19 | Obsidian Statue |
| 9:29 | Black Citadel |
| 9:54 | Acolyte |
| 10:01 | Frost Nova |
| 10:30 | Crypt Fiend |
| 12:03 | Potion of Healing |
| 12:04 | Orb of Corruption |
| 12:06 | Potion of Mana |
| Right click | 610 |
| Select | 365 |
| Misc. action | 78 |
| Build/train/purchase | 57 |
| Use ability | 31 |
| Chat | 8 |
| Assign group | 6 |
| Select group | 4 |
| Remove unit | 3 |
โ